 Dungeon Crawl Stone Soup version 0.28-a0-983-g1de4e0787c (webtiles) character file.

Game seed: 17548737456766072465

156 sanka the Chopper (level 5, -3/34 (43) HPs)
             Began as a Palentonga Abyssal Knight on Dec 2, 2021.
             Was a Believer of Lugonu.
             Slain by Edmund (6 damage)
             ... on level 4 of the Dungeon.
             The game lasted 00:05:27 (3670 turns).

sanka the Chopper (Palentonga Abyssal Knight)       Turns: 3670, Time: 00:05:28

HP:   -3/34 (43)    AC:  6    Str: 19    XL:     5   Next: 15%
MP:   6/6           EV:  9    Int: 10    God:    Lugonu [**....]
Gold: 156           SH:  0    Dex: 10    Spells: 4/4 levels left

rFire   . . .      SeeInvis +   a - +1 hand axe
rCold   + . .      Faith    .   (no shield)
rNeg    . . .      Spirit   .   b - +0 leather armour
rPois   .          Reflect  .   s - +1 helmet
rElec   .          Harm     .   (no cloak)
rCorr   .          Rampage  .   (no gloves)
Will    .....                   (no barding)
Stlth   +.........              (no amulet)
HPRegen 0.11/turn               (no ring)
MPRegen 0.10/turn               i - ring of protection from cold

@: heavily drained
A: large, rugged brown scales 3, see invisible, deformed body, roll 1, armoured
tail
a: Rolling Charge, Renounce Religion, Depart the Abyss, Bend Space


You were on level 4 of the Dungeon.
You worshipped Lugonu.
Lugonu was pleased with you.
You visited 1 branch of the dungeon, and saw 4 of its levels.
You visited the Abyss 1 time.

You collected 156 gold pieces.


Innate Abilities, Weirdness & Mutations

You are completely covered in rugged brown scales. (AC +3, +7% HP)
You have supernaturally acute eyesight. (SInv)
Armour fits poorly on your strangely shaped body.
You can roll at nearby foes to attack.
You have a long armoured tail.


   Skills:
 - Level 3.0 Fighting
 + Level 5.4 Axes
 - Level 1.5 Armour
 - Level 0.7 Dodging
 - Level 2.0 Invocations


You had 4 spell levels left.
You didn't know any spells.
Your spell library contained the following spells:

 Spells                   Type           Power      Damage    Failure   Level
 Petrify                  Tmut/Erth      0%         N/A       99%         4
 Metabolic Englaciation   Hex/Ice        0%         N/A       100%        5
 Statue Form              Tmut/Erth      0%         N/A       100%        6

Inventory:

Hand Weapons
 a - a +1 hand axe (weapon)
Armour
 b - a +0 leather armour (worn)
 s - a +1 helmet (worn)
Jewellery
 h - a ring of fire
 i - a ring of protection from cold (right hand)
Scrolls
 c - a scroll of magic mapping {unknown}
 d - a scroll of blinking {unknown}
 e - a scroll of acquirement {unknown}
 j - 2 scrolls of torment {unknown}
 k - 2 scrolls of identify {unknown}
 n - a scroll of holy word {unknown}
 p - a scroll of noise {unknown}
 q - a scroll of fear {unknown}
 r - a scroll of fog {unknown}
Potions
 f - a potion of invisibility {unknown}
 g - 3 potions of curing {@q1}
 l - a potion of haste {unknown}
 m - a potion of lignification {unknown}
 o - a potion of might {unknown}

Dungeon Overview and Level Annotations

Branches:
Dungeon (4/15)
 Temple: D:4-7

Altars:

Shops:
D:1 [   D:3 :

Annotations:
D:3 2 transporters, drehkick's ghost, weakling MiFi
D:4 1 runed translucent door, Edmund; anonymous's ghost, amateur DEEE

▒...▒ ▒.<.▒ ▒.).▒ ▒...▒ ▒▒▒
▒▒▒▒...▒ ..▒ ▒....▒.▒ ▒..
▒.▒▒▒▒.▒ ▒.. ▒@▒ ▒.▒ ▒..▒▒H▒
▒.▒▒ ▒..▒.▒▒▒▒..▒ .
▒....▒.....▒▒ ..
▒▒▒▒..........▒▒
...▒▒▒▒▒▒▒▒........▒▒▒...▒▒▒▒▒
▒...?..▒▒...▒▒▒..)▒▒W▒▒......▒
▒▒▒..............▒▒...▒▒.....▒
▒.......▒▒▒▒...▒▒.....▒▒....▒
...▒▒▒▒.........▒⌠.?♣!.⌠▒...▒▒


You could see Edmund.


Message History

You tail-slap Edmund.
Edmund is almost dead.
Edmund drinks a potion.
Edmund is healed!
You closely miss Edmund. You tail-slap Edmund.
Edmund is severely wounded.
Edmund hits you with a +3 flail of draining.
* * * LOW HITPOINT WARNING * * *
You feel drained.
* * * LOW HITPOINT WARNING * * *
You hit Edmund.
Edmund is almost dead.
Edmund closely misses you.
You hit Edmund. You tail-slap Edmund.
Edmund is almost dead.
Edmund hits you with a +3 flail of draining.
* * * LOW HITPOINT WARNING * * *
You feel drained.
You barely miss Edmund.
Edmund is almost dead.
Edmund hits you with a +3 flail of draining!
* * * LOW HITPOINT WARNING * * *
You feel drained.
* * * LOW HITPOINT WARNING * * *
You closely miss Edmund.
Edmund is almost dead.
Edmund hits you with a +3 flail of draining.
You die...

Action                   |  1- 3 |  4- 6 || total
-------------------------+-------+-------++-------
Melee: Hand axe          |   124 |    65 ||   189
       Tailslap          |    13 |    12 ||    25
 Abil: Rolling Charge    |    16 |     2 ||    18
Armor: Leather armour    |    46 |    17 ||    63
Dodge: Dodged            |    52 |    25 ||    77

Levels and vault maps discovered:
D:1:      sevenhm_arrival_forest_fort_small_4, layout_loops_ring, serial_shops,
          nicolae_square_shop
D:2:      layout_basic, st_stairs_5
D:3:      layout_basic, serial_shops,
          nicolae_shop_temple_entry_statues_fountains, gammafunk_ghost_smash,
          chequers_ecumenical_altar_simple_redux
D:4:      layout_rooms, hellmonk_ghost_happy_afterlife, nicolae_shop_clearance,
          uniq_natasha, uniq_edmund

Notes
Turn   | Place    | Note
-------+----------+-------------------------------------------
     0 | Abyss:1  | sanka the Palentonga Abyssal Knight began the quest for the
                  | Orb.
     0 | Abyss:1  | Reached XP level 1. HP: 19/19 MP: 2/2
    47 | D:1      | Escaped the Abyss
   548 | D:1      | Reached XP level 2. HP: 25/25 MP: 3/3
   805 | D:1      | Reached skill level 3 in Axes
   921 | D:1      | Found Belan's Armour Emporium.
  1262 | D:2      | Reached ** piety under Lugonu
  1276 | D:2      | Reached XP level 3. HP: 23/31 MP: 4/4
  1421 | D:3      | Found a faded altar of an unknown god.
  1669 | D:2      | Reached skill level 4 in Axes
  2583 | D:3      | Found a transporter.
  2702 | D:3      | Reached XP level 4. HP: 36/37 MP: 5/5
  2992 | D:3      | Reached skill level 5 in Axes
  3314 | D:3      | Found Nethac's Book Shop.
  3384 | D:3      | Found a transporter.
  3385 | D:3      | Noticed an ogre
  3385 | D:3      | Noticed drehkick's ghost (weakling MiFi)
  3386 | D:3      | Noticed an ogre
  3429 | D:4      | Noticed anonymous's ghost (amateur DEEE)
  3429 | D:4      | Found a runed translucent door.
  3455 | D:4      | Noticed Edmund
  3477 | D:3      | Reached XP level 5. HP: 33/43 MP: 6/6
  3669 | D:4      | HP: 3/34 [Edmund (1)]
  3670 | D:4      | Slain by Edmund

Vanquished Creatures
  An orc priest (D:3)
  An orc wizard (D:3)
  3 adders
  3 worms
  A dart slug (D:2)
  3 orcs (D:3)
  4 endoplasms
  A giant cockroach (D:1)
  4 goblins
  7 hobgoblins
  5 jackals
  2 quokkas (D:1)
  4 ball pythons
  7 bats
  2 frilled lizards (D:3)
  8 kobolds
  4 rats
60 creatures vanquished.
